 Dungeon Crawl Stone Soup version 0.27-a0-419-g7a85846853 (webtiles) character file.

Game seed: 17550341327708892679

12922 Chiseanne the Fighter (level 11, -3/95 HPs)
             Began as a Demonspawn Wanderer on Feb 26, 2021.
             Was an Initiate of Gozag.
             Slain by a phantasmal warrior (19 damage)
             ... led by a death knight
             ... on level 11 of the Dungeon.
             The game lasted 00:19:40 (10606 turns).

Chiseanne the Fighter (Demonspawn Wanderer)        Turns: 10606, Time: 00:19:41

Health: -3/95      AC: 17    Str: 26    XL:     11   Next: 68%
Magic:  11/11      EV: 12    Int: 12    God:    Gozag
Gold:   891        SH:  8    Dex: 10    Spells: 10/10 levels left

rFire    . . .     SeeInvis .   a - +3 war axe
rCold    . . .     Faith    .   A - +3 buckler {reflect}
rNeg     . . .     Spirit   .   w - +2 scale mail {Will+}
rPois    +         Reflect  +   g - +0 hat
rElec    .         Harm     .   t - +1 cloak
rCorr    .         Rampage  .   l - +0 pair of gloves
Will     +....                  p - +0 pair of boots
Stlth    ..........             y - amulet of regeneration
HPRegen  1.25/turn              L - +6 ring of strength
MPRegen  0.24/turn              h - ring of poison resistance

@: about to teleport
A: horns 1, rugged brown scales 2, foul stench 2, magic regeneration
a: Renounce Religion, Potion Petition, Call Merchant, Bribe Branch


You were on level 11 of the Dungeon.
You worshipped Gozag.
Gozag was pleased with you.
You visited 2 branches of the dungeon, and saw 12 of its levels.

You collected 1613 gold pieces.
You spent 581 gold pieces at shops.
You paid 141 gold pieces to Gozag.

Inventory:

Hand Weapons
 a - a +3 war axe (weapon)
 Q - a +1 short sword of venom
Missiles
 b - 4 throwing nets
 c - 48 poisoned darts
 e - 2 atropa-tipped darts
 f - 5 silver javelins
 j - 6 javelins
 k - 320 stones
 o - 111 sling bullets
 v - 226 arrows
 C - 9 boomerangs
 F - 10 bolts
 J - 10 curare-tipped darts (quivered)
Armour
 g - a +0 hat (worn)
 l - a +0 pair of gloves (worn)
 p - a +0 pair of boots (worn)
 t - a +1 cloak (worn)
 w - a +2 scale mail of willpower (worn)
 A - a +3 buckler of reflection (worn)
 O - a +2 robe of cold resistance
Jewellery
 h - a ring of poison resistance (right hand)
 x - a ring of see invisible
 y - an amulet of regeneration (around neck)
 L - a +6 ring of strength (left hand)
 N - a ring of ice
 P - a +4 ring of slaying
Wands
 m - a wand of polymorph (8)
 K - a wand of mindburst (9)
Scrolls
 d - 6 scrolls of teleportation
 r - a scroll of fog
 u - a scroll of magic mapping
 z - 2 scrolls of fear
 E - a scroll of amnesia
 M - a scroll of identify
Potions
 i - a potion of resistance {unknown}
 n - a potion of haste
 q - 5 potions of curing
 s - 2 potions of magic
 B - 5 potions of flight
 D - a potion of lignification
 G - a potion of mutation {unknown}
 I - 2 potions of cancellation {unknown}
Miscellaneous
 H - a box of beasts


   Skills:
 * Level 10.2 Fighting
 * Level 7.0 Axes
 - Level 3.6 Staves
 - Level 1.0 Throwing
 * Level 9.2 Armour
 - Level 6.1 Dodging
 - Level 1.7 Stealth
 * Level 6.7 Shields


You had 10 spell levels left.
You didn't know any spells.
Your spell library contained the following spells:

 Spells                   Type           Power        Failure   Level
 Animate Skeleton         Necr           0%           54%         1
 Pain                     Necr           0%           54%         1
 Vampiric Draining        Necr           0%           89%         3
 Animate Dead             Necr           0%           100%        4
 Agony                    Necr           0%           100%        5
 Borgnjor's Vile Clutch   Necr/Erth      0%           100%        5
 Death Channel            Necr           0%           100%        6
 Simulacrum               Ice/Necr       0%           100%        6


Dungeon Overview and Level Annotations

Branches:
Dungeon (11/15)            Temple (1/1) D:6            Lair (0/6) D:11
    Orc: D:9-12

Altars:
Ashenzari
Cheibriados
Dithmenos
Elyvilon
Fedhas
Gozag
Hepliaklqana
Kikubaaqudgha
Makhleb
Nemelex Xobeh
Okawaru
Qazlal
Ru
Sif Muna
Trog
Vehumet
Wu Jian
Xom
Yredelemnul
Zin
The Shining One

Shops:
D:6 ((?*


Innate Abilities, Weirdness & Mutations

You have a pair of small horns on your head.
You are mostly covered in rugged brown scales. (AC +2, +5% HP)
You sometimes emit foul miasma when damaged in melee.
You regenerate magic rapidly.


Message History

You hit the phantasmal warrior. The phantasmal warrior hits you!
The phantasmal warrior hits you!!
* * * LOW HITPOINT WARNING * * *
You emit a cloud of foul miasma!
The death knight hits you but does no damage.
You are too injured to fight recklessly!
You are too injured to fight recklessly!
You are too injured to fight recklessly!
You are too injured to fight recklessly!
You are too injured to fight recklessly!
You are too injured to fight recklessly!
You are too injured to fight recklessly!
You are too injured to fight recklessly!
You are too injured to fight recklessly!
You are too injured to fight recklessly!
You are too injured to fight recklessly!
You are too injured to fight recklessly!
You are too injured to fight recklessly!
Okay, then.
As you read the scroll of teleportation, it crumbles to dust.
You feel strangely unstable.
The phantasmal warrior closely misses you.
You block the phantasmal warrior's attack.
You hit the phantasmal warrior.
Your headbutt misses the phantasmal warrior.
The phantasmal warrior is moderately damaged.
You closely miss the phantasmal warrior.
The death knight barely misses you.
The phantasmal warrior completely misses you.
You block the phantasmal warrior's attack.
The phantasmal warrior barely misses you.
You hit the phantasmal warrior but do no damage.
The phantasmal warrior is moderately damaged.
You hit the phantasmal warrior.
The death knight hits you from afar with a +4 glaive!
* * * LOW HITPOINT WARNING * * *
The phantasmal warrior barely misses you.
The phantasmal warrior misses you. The phantasmal warrior hits you!!
You die...
Your body crumbles into a pile of gold.

## ... .... .....
##########
..#.Zp####........#
....WCW@W..######.#
...##l###### #.# #
##<## ##...##### #
########.###.....
.# #.....##.#
#..... ###.
#.###.##.###.###.
#.. #.#
#............ #.#
#.###.####...###.


You could see a death knight (reflects damage), a cyclops, 2 phantasmal
warriors, a wraith, an iguana and a centaur warrior zombie.

Vanquished Creatures
  Fannar (D:10)
  2 two-headed ogres
  Urug (D:11)
  Sonja (D:11)
  2 unseen horrors (D:10)
  A cyclops (D:9)
  A manticore (D:11)
  An ugly thing (D:11)
  2 centaur zombies
  2 kobold demonologists (D:11)
  A centaur skeleton (D:7)
  A troll (D:8)
  A hornet (D:11)
  A vampire (D:11)
  4 yaks (D:10)
  A wyvern (D:5)
  A wraith (D:10)
  A steam dragon (D:9)
  3 wargs (D:11)
  A hornet zombie (D:10)
  2 sky beasts
  2 orc warriors
  4 ice beasts
  3 ogres
  A phantom (D:6)
  6 centaurs
  4 kobold brigands
  6 bullfrogs
  3 scorpions
  A water moccasin skeleton (D:10)
  3 wights (D:10)
  5 howler monkeys
  5 killer bees (D:7)
  A quasit (D:6)
  5 hounds
  A jelly (D:6)
  An orc priest (D:11)
  3 bullfrog skeletons
  10 worker ants
  5 iguanas
  5 orc wizards
  Ijyb (D:4)
  A killer bee zombie (D:10)
  A hound zombie (D:6)
  8 gnolls
  15 adders
  2 shadow imps
  4 white imps
  An ufetubus (D:6)
  An ooze (D:2)
  An adder skeleton (D:4)
  2 worms
  2 dart slugs (D:5)
  6 leopard geckos
  20 orcs
  A ball python (D:3)
  8 bats
  6 giant cockroaches
  7 goblins
  10 hobgoblins
  19 jackals
  10 kobolds
  3 quokkas
  4 frilled lizards
  A leopard gecko skeleton (D:4)
  A quokka zombie (D:5)
  5 rats
245 creatures vanquished.

Vanquished Creatures (others)
  A scorpion (D:6)
  A white imp (D:8)
  5 plants
7 creatures vanquished.

Grand Total: 252 creatures vanquished

Notes
Turn   | Place    | Note
-------+----------+-------------------------------------------
     0 | D:1      | Chiseanne the Demonspawn Wanderer began the quest for the
                  | Orb.
     0 | D:1      | Chiseanne set off with the following items: a +0
                  | quarterstaff, 2 throwing nets, a +0 leather armour, a
                  | scroll of teleportation, a +0 dagger
     0 | D:1      | Reached XP level 1. HP: 16/16 MP: 1/1
   340 | D:1      | Gained mutation: You may rarely emit foul miasma when
                  | damaged in melee. [demonic ancestry]
   340 | D:1      | Reached XP level 2. HP: 20/22 MP: 2/2
   458 | D:1      | Reached skill level 1 in Armour
  1065 | D:2      | Reached XP level 3. HP: 27/28 MP: 3/3
  1452 | D:2      | Gained mutation: You sometimes emit foul miasma when
                  | damaged in melee. [demonic ancestry]
  1452 | D:2      | Reached XP level 4. HP: 34/34 MP: 4/4
  1467 | D:2      | Reached skill level 3 in Fighting
  1623 | D:2      | Gained mutation: You are partially covered in rugged brown
                  | scales. (AC +1, +3% HP) [demonic ancestry]
  1623 | D:2      | Reached XP level 5. HP: 26/42 MP: 5/5
  3318 | D:5      | Entered Level 5 of the Dungeon
  3578 | D:4      | Reached XP level 6. HP: 41/49 MP: 6/6
  3757 | D:4      | Reached skill level 4 in Fighting
  4091 | D:4      | Noticed Ijyb
  4098 | D:4      | Paralysed by Ijyb for 2 turns
  4117 | D:4      | Paralysed by Ijyb for 3 turns
  4122 | D:4      | Killed Ijyb
  4610 | D:5      | Noticed a wyvern
  4621 | D:5      | Killed a wyvern
  4622 | D:5      | Reached XP level 7. HP: 35/56 MP: 7/7
  4891 | D:5      | Reached skill level 5 in Fighting
  5280 | D:5      | Gained mutation: You have a pair of small horns on your
                  | head. [demonic ancestry]
  5280 | D:5      | Reached XP level 8. HP: 29/65 MP: 8/8
  5324 | D:5      | Reached skill level 5 in Dodging
  5326 | D:5      | Reached skill level 5 in Armour
  5363 | D:6      | Reached skill level 6 in Fighting
  5390 | D:6      | Found Ykoukil's Weapon Emporium.
  5491 | D:6      | Found Figuril's Assorted Antiques.
  5510 | D:6      | Found Ruvur's Weapon Emporium.
  5561 | D:6      | Found a staircase to the Ecumenical Temple.
  5569 | D:6      | Found Yma Ytyd's Magic Scroll Shoppe.
  5573 | Temple   | Entered the Ecumenical Temple
  5723 | Temple   | Became a worshipper of Gozag Ym Sagoz the Greedy
  5783 | D:6      | Bought 2 scrolls of enchant weapon for 180 gold pieces
  5783 | D:6      | Bought a scroll of fear for 42 gold pieces
  5783 | D:6      | Bought a scroll of teleportation for 36 gold pieces
  6149 | D:7      | Reached skill level 1 in Axes
  6179 | D:7      | Found an ancient bone altar of Kikubaaqudgha.
  6310 | D:7      | Reached XP level 9. HP: 68/73 MP: 9/9
  6340 | D:6      | Bought a glowing buckler for 202 gold pieces
  6456 | D:7      | Reached skill level 7 in Fighting
  6568 | D:7      | Reached skill level 1 in Shields
  6995 | D:6      | Bought a scroll labelled MIYWNY IZXINN for 27 gold pieces
  6995 | D:6      | Bought a scroll of fear for 94 gold pieces
  7134 | D:8      | You fall into a shaft and drop 2 floors!
  7134 | D:10     | Entered Level 10 of the Dungeon
  7298 | D:9      | Noticed a cyclops
  7306 | D:9      | Killed a cyclops
  7346 | D:9      | Found a blossoming altar of Fedhas.
  7373 | D:8      | Noticed a troll
  7386 | D:8      | Killed a troll
  7387 | D:8      | Reached skill level 8 in Fighting
  8598 | D:9      | Gained mutation: You are mostly covered in rugged brown
                  | scales. (AC +2, +5% HP) [demonic ancestry]
  8598 | D:9      | Reached XP level 10. HP: 76/84 MP: 10/10
  8637 | D:9      | Found a shadowy altar of Dithmenos.
  9068 | D:10     | Noticed an unseen horror
  9074 | D:10     | Killed an unseen horror
  9102 | D:10     | Noticed a two-headed ogre
  9109 | D:10     | Killed a two-headed ogre
  9282 | D:10     | Reached skill level 5 in Axes
  9292 | D:10     | Reached skill level 9 in Fighting
  9591 | D:10     | Reached skill level 5 in Shields
  9693 | D:10     | Noticed an unseen horror
  9701 | D:10     | Killed an unseen horror
  9722 | D:10     | Noticed Fannar
  9735 | D:10     | Killed Fannar
  9736 | D:10     | Gained mutation: You regenerate magic rapidly. [demonic
                  | ancestry]
  9736 | D:10     | Reached XP level 11. HP: 31/93 MP: 11/11
 10095 | D:11     | Noticed Sonja
 10115 | D:11     | Killed Sonja
 10131 | D:11     | Noticed a two-headed ogre
 10143 | D:11     | Killed a two-headed ogre
 10153 | D:11     | Found a staircase to the Lair.
 10153 | D:11     | Noticed Urug
 10184 | D:11     | Killed Urug
 10185 | D:11     | Reached skill level 10 in Fighting
 10479 | D:11     | Noticed a cyan ugly thing
 10488 | D:11     | Killed a cyan ugly thing
 10590 | D:11     | Noticed a phantasmal warrior
 10590 | D:11     | Noticed a phantasmal warrior
 10591 | D:11     | Noticed a death knight
 10606 | D:11     | Slain by a phantasmal warrior

Illustrated notes

Levels and vault maps discovered:
D:1:      minmay_arrival_up_and_down, layout_basic,
          hangedman_decor_clover_reticule
D:2:      layout_rooms, minmay_pentomino_q2
D:3:      layout_basic, serial_forest, infiniplex_forest_clump_double,
          infiniplex_forest_straight_2, infiniplex_forest_end_double,
          infiniplex_forest_clump_medium, infiniplex_forest_end_1,
          infiniplex_forest_clump_double, infiniplex_forest_side_room,
          infiniplex_forest_zigzag_2, infiniplex_forest_clump_medium,
          infiniplex_forest_lined_room_2, minmay_starry_boxes
D:4:      layout_loops_corners, uniq_ijyb
D:5:      layout_basic
D:6:      layout_cave_pools, minmay_temple_entry_offerings, serial_shops,
          kennysheep_mini, nicolae_shop_competitors_out_of_business, shop,
          nicolae_shop_stone, lemuel_flamethrower_2
D:7:      layout_basic, basic_altar, minmay_misc_feat_alley
D:8:      layout_layer_cave, lemuel_flame_loot_1
D:9:      layout_cave_pools, grunt_dithmenos_smoke, minmay_misc_feat_columns,
          fedhas_ov_isle_minmay
D:10:     layout_grid_maze, uniq_fannar
D:11:     cheibrodos_orc_bank, layout_loops_cross, erik_lair_orcish_takeover,
          worms_lemuel, uniq_sonja, uniq_urug
Temple:   minmay_crystal_snake_temple

Skill      XL: |  1  2  3  4  5  6  7  8  9 10 11 |
---------------+----------------------------------+-----
Armour         | 1 2 3 4 6 7 8 9 |  9.2
Dodging        | 2 3 4 6 |  6.1
Fighting       | 3 4 5 6 8 9 10 | 10.2
Axes           | 1 4 5 7 |  7.0
Shields        | 3 5 6 |  6.7
Staves         | |  3.6
Throwing       | |  1.0
Stealth        | |  1.7

Action                   |  1- 3 |  4- 6 |  7- 9 | 10-12 || total
-------------------------+-------+-------+-------+-------++-------
Melee: Quarterstaff      |    89 |   287 |   206 |       ||   582
       War axe           |       |       |   147 |   262 ||   409
       Headbutt          |       |       |    34 |    74 ||   108
Throw: Javelin           |       |     1 |       |       ||     1
       Dart              |       |       |       |     1 ||     1
Evoke: Wand              |       |       |     3 |     3 ||     6
  Use: Potion            |       |     2 |     2 |     6 ||    10
       Scroll            |       |    11 |     9 |     1 ||    21
 Stab: Sleeping          |     1 |     3 |       |       ||     4
       Invisible         |       |       |     1 |       ||     1
       Paralysed         |       |       |     4 |     5 ||     9
       Distracted        |       |       |       |     1 ||     1
Armor: Leather armour    |    25 |   100 |       |       ||   125
       Scale mail        |       |    51 |   256 |   132 ||   439
       Skin              |       |    13 |       |       ||    13
Dodge: Dodged            |    52 |   210 |   364 |   138 ||   764
Block: Buckler           |       |       |    28 |   112 ||   140
       Reflection        |       |       |     1 |     5 ||     6

Table legend: (Time is in decaauts)
 A = Elapsed time spent in this place.
 B = Non-inter-level travel time spent in this place.
 C = Inter-level travel time spent in this place.
 D = Time resting spent in this place.
 E = Time spent auto-exploring this place.
 F = Levels seen in this place.
 G = Mean time per level.
                   A        B        C        D        E       F      G
               +--------+--------+--------+--------+--------+-----+--------+
         Total |  10800 |  10511 |    289 |    456 |   7874 |  12 |  900.0 |
       Dungeon |  10629 |  10361 |    268 |    456 |   7731 |  11 |  966.3 |
        Temple |    171 |    150 |     21 |      0 |    143 |   1 |  171.0 |
               +--------+--------+--------+--------+--------+-----+--------+

Top non-repeatable levels by time:
     D:4: 1311 daAuts
     D:8: 1282 daAuts
    D:10: 1276 daAuts
     D:1: 1065 daAuts
     D:5: 1054 daAuts
     D:2: 985 daAuts
     D:3: 974 daAuts
     D:7: 933 daAuts
     D:6: 647 daAuts
    D:11: 574 daAuts
     D:9: 524 daAuts
  Temple: 171 daAuts
